 Dungeon Crawl Stone Soup version 0.28.0-53-g5a82cb258f (webtiles) character file.

Game seed: 12619887836477547793

1086 doricub5 the Fighter (level 8, 54/75 HPs)
             Began as a Hill Orc Fighter on July 23, 2022.
             Quit the game on level 6 of the Dungeon on Aug 6, 2022.
             The game lasted 00:16:00 (4320 turns).

doricub5 the Fighter (Hill Orc Fighter)             Turns: 4320, Time: 00:16:00

Health: 54/75      AC: 20    Str: 21    XL:     8   Next: 30%
Magic:  8/8        EV: 11    Int:  8    God:
Gold:   272        SH:  4    Dex: 10    Spells: 7/7 levels left

rFire   . . .      SeeInvis .   v - +0 trident
rCold   + . .      Faith    .   c - +0 buckler
rNeg    . . .      Spirit   .   e - +4 chain mail
rPois   .          Reflect  .   i - +0 helmet
rElec   .          Harm     .   (no cloak)
rCorr   .          Rampage  .   (no gloves)
Will    .....                   (no boots)
Stlth   ..........              (no amulet)
HPRegen 0.22/turn               h - +4 ring of evasion
MPRegen 0.11/turn               o - +4 ring of protection

@: mildly poisoned (54 -> 51)
A: talons 1, cold resistance 1
a: no special abilities


You were on level 6 of the Dungeon.
You visited 1 branch of the dungeon, and saw 6 of its levels.

You collected 272 gold pieces.

Inventory:

Hand Weapons
 a - a +0 war axe
 q - a +0 spear
 u - a +2 flail of pain
 v - a +0 trident (weapon)
 x - a +0 halberd
 z - a +0 bardiche
Missiles
 y - a throwing net (quivered)
Armour
 c - a +0 buckler (worn)
 e - a +4 chain mail (worn)
 i - a +0 helmet (worn)
Jewellery
 h - a +4 ring of evasion (left hand)
 j - a ring of fire
 m - a ring of fire
 n - a ring of magical power
 o - a +4 ring of protection (right hand)
 w - a +4 ring of evasion
Scrolls
 f - a scroll of magic mapping
 g - a scroll of noise {unknown}
 l - 2 scrolls of immolation
 p - a scroll of silence {unknown}
Potions
 b - a potion of curing {unknown}
 d - a potion of might
 k - 2 potions of cancellation
 r - a potion of berserk rage {unknown}
 s - 2 potions of degeneration {unknown}
 t - a potion of flight {unknown}


   Skills:
 * Level 8.6 Fighting
 - Level 4.1 Axes
 * Level 7.8 Armour
 - Level 3.2 Shields


You had 7 spell levels left.
You didn't know any spells.
Your spell library contained the following spells:

 Spells                   Type           Power      Damage    Failure   Level
 Stone Arrow              Conj/Erth      0%         3d7       100%        3
 Animate Armour           Summ/Erth      0%         N/A       100%        4
 Lehudib's Crystal Spear  Conj/Erth      0%         10d2      100%        8


Dungeon Overview and Level Annotations

Branches:
Dungeon (6/15)
 Temple: D:4-7

Altars:
Kikubaaqudgha
Sif Muna
Uskayaw
The Shining One


Innate Abilities, Weirdness & Mutations

You have sharp toenails.
Your flesh is cold resistant. (rC+)


Message History

You are poisoned.
The scorpion poisons you! You block the scorpion's attack.
You hit the scorpion but do no damage.
The scorpion is heavily wounded.
You feel very sick.
The scorpion stings you but does no damage.
You hit the scorpion but do no damage. Your kick misses the scorpion.
The scorpion is heavily wounded.
You feel sick.
The scorpion stings you but does no damage.
The scorpion barely misses you.
You barely miss the scorpion. You claw the scorpion.
The scorpion is severely wounded.
You feel sick. The scorpion stings you.
You are more poisoned.
The scorpion poisons you!
You completely miss the scorpion. Your kick misses the scorpion.
The scorpion is severely wounded.
You feel very sick. The scorpion closely misses you.
The scorpion barely misses you.
You closely miss the scorpion. Your kick misses the scorpion.
The scorpion is severely wounded.
You feel very sick. You block the scorpion's attack.
You hit the scorpion.
You claw the scorpion, but do no damage.
The scorpion is severely wounded.
You feel sick.
The scorpion stings you but does no damage. x2
You puncture the scorpion!
You kill the scorpion!
You feel sick.
You feel sick.
You see here a scorpion corpse.
Unknown command.
Saving game... please wait.
Welcome back, doricub5 the Hill Orc Fighter.
Press ? for a list of commands and other information.
Unknown command.
Are you sure you want to abandon this character and quit the game? (Confirm with "yes".)

### ##<##
#...#
#.♣.#
#.†.#
##..###
###@.#
#........
+.♣.####.
#...# #..
# .#.. .
.# . ##


There were no monsters in sight!

Vanquished Creatures
  Grinder (D:4)
  Edmund (D:4)
  A necrophage (D:5)
  An ice beast (D:4)
  3 scorpions
  A bullfrog skeleton (D:2)
  4 iguanas (D:5)
  Natasha (twice) (D:3)
  4 gnolls (D:5)
  12 adders
  A white imp (D:5)
  An adder skeleton (D:4)
  3 worms
  3 dart slugs
  2 orcs (D:3)
  8 ball pythons
  5 bats
  7 endoplasms
  5 giant cockroaches
  8 goblins
  6 hobgoblins
  2 kobolds
  3 quokkas
  6 frilled lizards
  4 rats
94 creatures vanquished.

Vanquished Creatures (others)
  Natasha (D:3)
  2 demonic plants (D:3)
  A withered plant (D:3)
4 creatures vanquished.

Grand Total: 98 creatures vanquished

Notes
Turn   | Place    | Note
-------+----------+-------------------------------------------
     0 | D:1      | doricub5 the Hill Orc Fighter began the quest for the Orb.
     0 | D:1      | Reached XP level 1. HP: 19/19 MP: 1/1
   164 | D:1      | Reached XP level 2. HP: 27/27 MP: 2/2
   214 | D:1      | Reached skill level 4 in Fighting
   829 | D:2      | Reached XP level 3. HP: 33/33 MP: 3/3
  1491 | D:2      | Reached XP level 4. HP: 41/41 MP: 4/4
  1643 | D:3      | Noticed Natasha
  1653 | D:3      | Killed Natasha
  1654 | D:3      | Reached skill level 5 in Fighting
  1654 | D:3      | Reached XP level 5. HP: 29/48 MP: 5/5
  1786 | D:3      | Noticed Natasha
  1797 | D:3      | Killed Natasha
  1801 | D:3      | Gained mutation: You have sharp toenails. [potion of
                  | mutation]
  1801 | D:3      | Gained mutation: Your flesh is cold resistant. (rC+)
                  | [potion of mutation]
  2016 | D:3      | Noticed Natasha
  2021 | D:3      | Killed Natasha
  2022 | D:3      | Reached skill level 5 in Armour
  2057 | D:3      | Found a faded altar of an unknown god.
  2521 | D:4      | Reached XP level 6. HP: 57/57 MP: 6/6
  2664 | D:4      | Noticed Edmund
  2704 | D:4      | Killed Edmund
  2705 | D:4      | Reached skill level 6 in Fighting
  2905 | D:4      | Found a shimmering blue altar of Sif Muna.
  2910 | D:4      | Found a glowing golden altar of the Shining One.
  2911 | D:4      | Found a hide-covered altar of Uskayaw.
  2932 | D:4      | Noticed an ice beast
  2941 | D:4      | Killed an ice beast
  2942 | D:4      | Reached XP level 7. HP: 56/64 MP: 7/7
  2989 | D:4      | Found an ancient bone altar of Kikubaaqudgha.
  3016 | D:4      | Noticed Grinder
  3030 | D:4      | Paralysed by Grinder for 4 turns
  3041 | D:4      | Paralysed by Grinder for 5 turns
  3056 | D:4      | Killed Grinder
  3057 | D:4      | Reached skill level 7 in Fighting
  3427 | D:5      | Entered Level 5 of the Dungeon
  3790 | D:5      | Reached skill level 8 in Fighting
  3790 | D:5      | Reached XP level 8. HP: 58/74 MP: 8/8
  4320 | D:6      | Quit the game

Illustrated notes

Levels and vault maps discovered:
D:1:      sevenhm_arrival_forest_fort_small_3, layout_rooms
D:2:      layout_loops_ring
D:3:      minmay_diamond_boxcup, layout_loops_ring,
          shapermc_ecumenical_altar_gd, item_on_display_a, uniq_natasha
D:4:      layout_basic, kennysheep_little_box, grunt_temple_overflow_open,
          st_stairs_2, uniq_grinder, uniq_edmund
D:5:      layout_loops_ring
D:6:      layout_cave_pods, minmay_temple_entry_statues_fountains,
          grunt_ministairs_4, roderic_roman_lattice,
          chequers_serial_rivers_large_a

Skill      XL: |  1  2  3  4  5  6  7 |
---------------+----------------------+-----
Axes           | 3 4 |  4.1
Fighting       | 4 5 6 8 |  8.6
Armour         | 4 5 6 7 |  7.8
Shields        | |  3.2

Action                   |  1- 3 |  4- 6 |  7- 9 || total
-------------------------+-------+-------+-------++-------
Melee: War axe           |   129 |   111 |    38 ||   278
       Kick              |       |    16 |    28 ||    44
       Trident           |       |       |    65 ||    65
  Use: Scroll            |       |     2 |     2 ||     4
       Potion            |       |     1 |       ||     1
Armor: Chain mail        |    72 |    72 |    45 ||   189
Dodge: Dodged            |    42 |    55 |    51 ||   148
Block: Buckler           |    36 |    25 |    16 ||    77
